 Dungeon Crawl Stone Soup version 0.31.0-11-ge490571c62 (webtiles) character file.

Game seed: 5393232949684267596

1551 Ninjinzu the Slasher (level 8, -3/96 HPs)
             Began as a Demonspawn Berserker on Feb 1, 2024.
             Was a Priest of Trog.
             Succumbed to a water moccasin's poison
             ... on level 6 of the Dungeon.
             The game lasted 00:13:01 (4566 turns).

Ninjinzu the Slasher (Demonspawn Berserker)         Turns: 4566, Time: 00:13:02

Health: -3/96      AC:  7    Str: 21    XL:     8   Next: 57%
Magic:  8/8        EV: 17    Int:  7    God:    Trog [***...]
Gold:   221        SH:  0    Dex: 12    Spells: 7/7 levels left

rFire   . . .        s - +3 long sword of Gunoppy {venom, Will++}
rCold   . . .        (no shield)
rNeg    . . .        v - +0 ring mail
rPois   .            (no helmet)
rElec   .            (no cloak)
rCorr   .            (no gloves)
SInv    .            (no boots)
Will    ++...        h - amulet of the acrobat Stlth
                     (no ring)
HPRegen 0.36/turn    (no ring)
MPRegen 0.11/turn

%: acrobat
@: agile, berserking, lethally poisoned (-3 -> -51), very quick
A: slimy green scales 1, powered by death 1, powered by pain 1, weakness stinger
2
a: Renounce Religion, Berserk, Trog's Hand


You were on level 6 of the Dungeon.
You worshipped Trog.
Trog was most pleased with you.
You visited 1 branch of the dungeon, and saw 6 of its levels.

You collected 221 gold pieces.

Inventory:

Hand Weapons
 a - a +0 spear
 k - a +2 falchion of freezing
 s - the +3 long sword of Gunoppy (weapon) {venom, Will++}
   (You took it off a gnoll on level 3 of the Dungeon)

   Will++:    It greatly increases your willpower.
 y - the +7 war axe of Responsibility {venom, Fly rC+ Str-2}
   (You found it on level 5 of the Dungeon)

   Str-2:     It affects your strength (-2).
   rC+:       It protects you from cold.
   Fly:       It grants you flight.
Armour
 b - a +0 animal skin
 v - a +0 ring mail (worn)
Jewellery
 h - an amulet of the acrobat (around neck)
Talismans
 o - a serpent talisman
Wands
 n - a wand of charming (13)
Scrolls
 c - a scroll of enchant armour {unknown}
 d - a scroll of blinking {unknown}
 e - 2 scrolls of noise {unknown}
 f - 2 scrolls of teleportation {unknown}
 i - a scroll of poison {unknown}
 m - 5 scrolls of identify {unknown}
 p - a scroll of fog {unknown}
Potions
 g - 4 potions of curing {unknown}
 j - 2 potions of lignification {unknown}
 l - a potion of invisibility {unknown}
 q - 2 potions of haste {unknown}
 r - a potion of degeneration {unknown}
 t - 2 potions of heal wounds {unknown}
 u - a potion of ambrosia {unknown}
 w - a potion of attraction {unknown}
 x - 2 potions of might {unknown}


   Skills:
 + Level 5.8 Fighting
 + Level 6.1 Long Blades
 + Level 3.8 Polearms
 + Level 3.4 Armour
 + Level 4.3 Dodging
 + Level 1.8 Stealth


You had 7 spell levels left.
You didn't know any spells.
Your spell library was empty.

Dungeon Overview and Level Annotations

Branches:
Dungeon (6/15)             Temple (0/1) D:4

Altars:
Cheibriados

Annotations:
D:2 1 runed translucent door, Crazy Yiuf


Innate Abilities, Weirdness & Mutations

You are partially covered in slimy green scales. (AC +2)
You regenerate a little health from kills.
You sometimes gain a little power by taking damage.
You have a tail ending in a sharp stinger.


Message History

You feel extremely sick. The water moccasin closely misses you.
The water moccasin bites you.
You are lethally poisoned!
The water moccasin poisons you!
You barely miss the water moccasin.
The water moccasin is moderately wounded.
You focus on the pain.
You feel agile all of a sudden.
You feel extremely sick.
The water moccasin completely misses you.
The water moccasin bites you.
The water moccasin bites you but does no damage.
You slash the water moccasin!
Your tail-slap misses the water moccasin.
The water moccasin is severely wounded.
* * * LOW HITPOINT WARNING * * *
You feel extremely sick. The water moccasin bites you.
* * * LOW HITPOINT WARNING * * *
You are more poisoned.
The water moccasin poisons you!
The water moccasin bites you but does no damage.
You are too berserk!
You slash the water moccasin!
You kill the water moccasin!
Trog accepts your kill.
* * * LOW HITPOINT WARNING * * *
You feel extremely sick.
The water moccasin bites you but does no damage.
Your Long Blades skill increases to level 6!
You miss the water moccasin.
* * * LOW HITPOINT WARNING * * *
You feel extremely sick. The water moccasin bites you.
* * * LOW HITPOINT WARNING * * *
You are more poisoned.
The water moccasin poisons you!
You miss the water moccasin. You tail-slap the water moccasin!
The water moccasin is moderately wounded.
You die...

#... #..# ###..#
##### ....###... #
#...#.... #.# #
#...#<..### ....
#.#...#....†###..#
#...^<#.....@S...#
#...#.##.##......#
###......######..#
#....................
#.#..#.#########..###
# #.##.# #. #.# # #.#
#.#


You could see a water moccasin.

Vanquished Creatures
  The ghost of Swimmer the Ducker, an amateur FeBe of Trog (D:4)
  A water moccasin (D:6)
  2 ice beasts
  An ogre (D:3)
  A phantom (D:5)
  A bullfrog (D:4)
  3 scorpions
  A howler monkey (D:4)
  2 bombardier beetles
  A jelly (D:5)
  2 hounds
  2 orc priests
  2 iguanas (D:5)
  Terence (D:2)
  4 orc wizards
  7 adders
  12 gnolls
  2 ribbon worms (D:2)
  6 dart slugs
  12 orcs
  9 ball pythons
  5 endoplasms
  4 giant cockroaches
  5 goblins
  5 hobgoblins
  6 jackals
  4 quokkas
  5 bats
  6 frilled lizards
  5 kobolds
  3 rats (D:2)
121 creatures vanquished.

Notes
Turn   | Place    | Note
-------+----------+-------------------------------------------
     0 | D:1      | Ninjinzu the Demonspawn Berserker began the quest for the
                  | Orb.
     0 | D:1      | Reached XP level 1. HP: 18/18 MP: 1/1
   282 | D:1      | Gained mutation: You are partially covered in slimy green
                  | scales. (AC +2) [demonic ancestry]
   282 | D:1      | Reached XP level 2. HP: 15/24 MP: 2/2
   747 | D:2      | Noticed Terence
   752 | D:2      | Killed Terence
   753 | D:2      | Gained mutation: You have a small tail. [demonic ancestry]
   753 | D:2      | Reached XP level 3. HP: 28/29 MP: 3/3
  1044 | D:2      | Reached XP level 4. HP: 13/37 MP: 4/4
  1195 | D:2      | Reached ** piety under Trog
  1424 | D:2      | Found a runed translucent door.
  1425 | D:2      | Noticed Crazy Yiuf
  1670 | D:3      | Noticed a scorpion
  1682 | D:3      | Killed a scorpion
  1683 | D:3      | Reached skill level 1 in Long Blades
  1683 | D:3      | Gained mutation: You have a tail ending in a sharp stinger.
                  | [demonic ancestry]
  1683 | D:3      | Reached XP level 5. HP: 42/42 MP: 5/5
  1762 | D:3      | Identified the +3 long sword of Gunoppy {venom, Will++}
  1869 | D:3      | Found a snail-covered altar of Cheibriados.
  1976 | D:3      | Reached skill level 2 in Long Blades
  2129 | D:3      | Noticed an ogre
  2132 | D:3      | Killed an ogre
  2133 | D:3      | Reached skill level 1 in Stealth
  2133 | D:3      | Gained mutation: You regenerate a little health from kills.
                  | [demonic ancestry]
  2133 | D:3      | Reached XP level 6. HP: 46/48 MP: 6/6
  2442 | D:3      | Reached skill level 3 in Long Blades
  2677 | D:4      | Noticed Swimmer's ghost (amateur FeBe)
  2677 | D:4      | Found a runed translucent door.
  2984 | D:4      | Found a staircase to the Ecumenical Temple.
  2988 | D:4      | Noticed an ice beast
  3053 | D:4      | Reached XP level 7. HP: 35/55 MP: 7/7
  3057 | D:4      | Reached skill level 4 in Long Blades
  3179 | D:4      | Killed Swimmer's ghost
  3180 | D:4      | Reached skill level 5 in Fighting
  3180 | D:4      | Reached skill level 5 in Long Blades
  3381 | D:5      | Entered Level 5 of the Dungeon
  3539 | D:5      | Reached *** piety under Trog
  3724 | D:5      | Found a glowing drain.
  3732 | D:5      | Gained mutation: You sometimes gain a little power by
                  | taking damage. [demonic ancestry]
  3732 | D:5      | Reached XP level 8. HP: 62/62 MP: 8/8
  3815 | D:5      | Identified the +7 war axe of Responsibility {venom, Fly rC+
                  | Str-2}
  4565 | D:6      | Reached skill level 6 in Long Blades
  4565 | D:6      | HP: 4/96 [poisoned by a water moccasin]
  4566 | D:6      | Succumbed to a water moccasin's poison

Illustrated notes

Levels and vault maps discovered:
D:1:      lightli_arrival_flooded_house, layout_loops_ring
D:2:      layout_loops_cross, uniq_crazy_yiuf_cottage, uniq_terence
D:3:      layout_basic, elyvilon_altar_5, old_standard_altar, serial_forest,
          infiniplex_forest_clump_small, infiniplex_forest_straight_2,
          infiniplex_forest_clump_tiny, infiniplex_forest_corner_2,
          infiniplex_forest_clump_small, infiniplex_forest_clump_curved,
          infiniplex_forest_end_1, infiniplex_forest_lined_3, nrook_uturn
D:4:      cheibrodos_quashed, layout_cave_pools,
          minmay_temple_entry_sparse_star, ebering_ghost_sewer_d
D:5:      layout_basic, cheibrodos_sewer_entry_drain
D:6:      layout_basic

Skill      XL: |  1  2  3  4  5  6  7  8 |
---------------+-------------------------+-----
Polearms       | 3 |  3.8
Dodging        | 2 3 4 |  4.3
Long Blades    | 1 2 3 5 6 |  6.1
Fighting       | 4 5 |  5.8
Stealth        | 1 |  1.8
Armour         | 2 3 |  3.4

Action                     |  1- 3 |  4- 6 |  7- 9 || total
---------------------------+-------+-------+-------++-------
  Melee: Spear             |    53 |       |       ||    53
         Punch             |     1 |     1 |     3 ||     5
         Falchion          |    32 |    67 |       ||    99
         Tailslap          |     4 |    19 |    13 ||    36
         Long sword        |       |    97 |   129 ||   226
 Invoke: Berserk           |     1 |     3 |     2 ||     6
   Stab: Sleeping          |     2 |     2 |       ||     4
         Distracted        |       |     1 |       ||     1
 Armour: Animal skin       |    46 |   100 |     9 ||   155
         Ring mail         |       |       |    77 ||    77
  Dodge: Dodged            |    42 |   164 |   107 ||   313
